 Dungeon Crawl Stone Soup version 0.28.0-47-ge53b351184 (webtiles) character file.

Game seed: 8055196709091488216

86 nickcage the Gusty (level 4, -14/24 HPs)
             Began as a Deep Elf Air Elementalist on May 9, 2022.
             Demolished by an ogre
             ... wielding a +0 giant club
              (28 damage)
             ... on level 4 of the Dungeon.
             The game lasted 00:08:58 (3022 turns).

nickcage the Gusty (Deep Elf Air Elementalist)      Turns: 3022, Time: 00:08:59

Health: -14/24     AC:  3    Str:  5    XL:     4   Next: 27%
Magic:  9/12       EV: 12    Int: 22    God:
Gold:   168        SH:  0    Dex: 15    Spells: 5/11 levels left

rFire   . . .      SeeInvis .   j - +9 staff of Olgreb {rPois∞}
rCold   . . .      Faith    .   (no shield)
rNeg    . . .      Spirit   .   a - +0 robe
rPois   ∞          Reflect  .   (no helmet)
rElec   .          Harm     .   (no cloak)
rCorr   .          Rampage  .   (no gloves)
Will    .....                   m - +0 pair of boots
Stlth   ++........              (no amulet)
HPRegen 0.08/turn               (no ring)
MPRegen 0.13/turn               (no ring)

@: no status effects
A: no striking features
a: Evoke the Staff of Olgreb


You were on level 4 of the Dungeon.
You visited 1 branch of the dungeon, and saw 4 of its levels.

You collected 168 gold pieces.

Inventory:

Hand Weapons
 j - the +9 staff of Olgreb (weapon) {rPois∞}
   (You found it on level 2 of the Dungeon)

   If the wielder is skilled in Evocations, they can envenom those struck by it,
   dealing poison damage which bypasses armour.
   It enhances your poison magic.
   It grants immunity to poison.
   It can be activated via the 'a'bility menu to radiate toxic energy, with
   effectiveness depending on Evocations skill.
Missiles
 f - a throwing net
Armour
 a - a +0 robe (worn)
 m - a +0 pair of boots (worn)
Jewellery
 d - an amulet of faith
Scrolls
 b - a scroll of immolation {unknown}
 e - 2 scrolls of identify
 g - a scroll of fog {unknown}
 h - 2 scrolls of summoning
 l - a scroll of blinking {unknown}
 o - a scroll of enchant weapon {unknown}
Potions
 c - a potion of haste
 i - 2 potions of curing
 k - a potion of attraction {unknown}
 n - a potion of might {unknown}


   Skills:
 - Level 2.4 Dodging
 - Level 2.4 Stealth
 + Level 4.1 Spellcasting
 - Level 1.1 Conjurations
 * Level 4.6 Air Magic


You had 5 spell levels left.
You knew the following spells:

 Your Spells              Type           Power      Damage    Failure   Level
a - Shock                 Conj/Air       68%        1d7       3%          1
b - Static Discharge      Conj/Air       17%        N/A       4%          2
c - Swiftness             Air            25%        N/A       4%          3

Your spell library contained the following spells:

 Spells                   Type           Power      Damage    Failure   Level
 Airstrike                Air            12%        N/A       16%         4


Dungeon Overview and Level Annotations

Branches:
Dungeon (4/15)
 Temple: D:4-7

Altars:
Yredelemnul


Message History

There is a large open door here.
There is a large open door here.
There is an open door here.
You start to feel a little slower.
You feel sluggish.
You see here 10 bolts.
A kobold comes into view. It is wielding a +0 dagger.
You start to feel a little faster.
There is an open door here.
There is a stone staircase leading up here.
You climb upwards.
You no longer feel sluggish.
There is a stone staircase leading down here.
You start resting.
HP restored.
You climb downwards.
There is a stone staircase leading up here.
You can't see any susceptible monsters within range! (Use Z to cast anyway.)
You miscast Shock.
You are very lightly contaminated with residual magic.
Nothing appears to happen.
The kobold shouts!
The kobold throws a stone.
The stone hits you but does no damage.
The zap hits the kobold.
You kill the kobold!
There is an open door here.
Your magical contamination has completely faded away.
The ogre shouts!
The ogre barely misses you. The ogre hits you with a +0 giant club!
The zap hits the ogre.
The ogre is lightly wounded.
The ogre closely misses you.
The zap hits the ogre.
The ogre is moderately wounded.
The zap hits the ogre.
The ogre is moderately wounded.
The ogre hits you with a +0 giant club!!
Ouch! That really hurt!
You die...

########## #........#
############ #........#
#..........# #........###
###.######.#
#.............. #.# #.#.#
#..>........!.. #.#
#.#.####.............. #.#
#...O@........##....# #.#
#.#.#.........##....## #.#
#.#.#.........##...)..
#.####.#.#.........##......
#......#.#......(..........
########.#........####'####
#.#........# #.#
#.#........# #<#
#.#........# #.#


You could see an ogre.

Vanquished Creatures
  2 adders
  A worm (D:2)
  7 dart slugs
  3 orcs (D:3)
  2 bats
  3 endoplasms (D:1)
  2 giant cockroaches (D:1)
  9 hobgoblins
  4 jackals (D:2)
  5 ball pythons
  5 frilled lizards
  3 kobolds
  3 rats
49 creatures vanquished.

Notes
Turn   | Place    | Note
-------+----------+-------------------------------------------
     0 | D:1      | nickcage the Deep Elf Air Elementalist began the quest for
                  | the Orb.
     0 | D:1      | Reached XP level 1. HP: 10/10 MP: 6/6
   337 | D:1      | Reached XP level 2. HP: 15/15 MP: 5/8
   362 | D:1      | Found a faded altar of an unknown god.
   424 | D:1      | Learned a level 2 spell: Static Discharge
  1169 | D:2      | Found the +9 staff of Olgreb {rPois∞}
  1212 | D:2      | Reached XP level 3. HP: 19/19 MP: 1/9
  1982 | D:2      | Learned a level 3 spell: Swiftness
  2247 | D:3      | Reached XP level 4. HP: 24/24 MP: 7/12
  2458 | D:3      | Found a basalt altar of Yredelemnul.
  2570 | D:4      | Noticed a phantom
  2746 | D:4      | Noticed an ogre
  3022 | D:4      | Demolished by an ogre

Illustrated notes

Levels and vault maps discovered:
D:1:      ebering_hopf_link, layout_loops_ring, chequers_ecumenical_altar_simple
D:2:      kennysheep_six_static_rooms, layout_basic, hex_tiny
D:3:      layout_rooms, general_overflow_altar
D:4:      kennysheep_slugbush, layout_basic, nicolae_sif_muna_little_library

Skill      XL: |  1  2  3 |
---------------+----------+-----
Air Magic      | 4 |  4.6
Spellcasting   | 4 |  4.1
Dodging        | |  2.4
Stealth        | |  2.4
Conjurations   | |  1.1

Action                   |  1- 3 |  4- 6 || total
-------------------------+-------+-------++-------
 Cast: Shock             |    98 |    20 ||   118
       Swiftness         |       |     1 ||     1
       Static Discharge  |       |     1 ||     1
  Use: Scroll            |     4 |       ||     4
Armor: Robe              |       |     3 ||     3
Dodge: Dodged            |     5 |     4 ||     9
